 Dungeon Crawl Stone Soup version 0.30-a0-845-g7c6808c8ce (webtiles) character file.

Game seed: 12452629640546795139

102 cheesebisquit the Poker (level 4, -1/33 HPs)
             Began as a Merfolk Warper on Mar 2, 2023.
             Slain by an iguana (9 damage)
             ... on level 4 of the Dungeon.
             The game lasted 00:08:50 (2536 turns).

cheesebisquit the Poker (Merfolk Warper)            Turns: 2536, Time: 00:08:50

Health: -1/33      AC:  4    Str: 11    XL:     4   Next: 77%
Magic:  8/8        EV: 12    Int: 14    God:
Gold:   153        SH:  5    Dex: 13    Spells: 2/9 levels left

rFire   . . .      SeeInvis .    q - +2 halberd (flame)
rCold   . . .      Faith    .    (shield currently unavailable)
rNeg    . . .      Spirit   .    b - +0 leather armour
rPois   +          Reflect  +    (no helmet)
rElec   .          Rampage  .    (no cloak)
rCorr   .                        (no gloves)
Will    .....                    y - +0 pair of boots
Stlth   +                        e - amulet of reflection
HPRegen 0.25/turn                x - ring of poison resistance
MPRegen 0.11/turn                (no ring)

@: no status effects
A: (nimble swimmer 2), mertail
a: no special abilities


You were on level 4 of the Dungeon.
You visited 1 branch of the dungeon, and saw 4 of its levels.

You collected 153 gold pieces.

Inventory:

Hand Weapons
 a - a +0 spear
 q - a +2 halberd of flaming (weapon)
Missiles
 d - 5 boomerangs of dispersal
 f - 3 poisoned darts
Armour
 b - a +0 leather armour (worn)
 y - a +0 pair of boots (worn)
Jewellery
 e - an amulet of reflection (around neck)
 l - an amulet of faith
 x - a ring of poison resistance (left hand)
Scrolls
 c - a scroll of blinking
 g - a scroll of enchant armour {unknown}
 h - a scroll of amnesia {unknown}
 j - a scroll of fog {unknown}
 n - a scroll of teleportation {unknown}
 p - a scroll of butterflies {unknown}
 r - 2 scrolls of poison {unknown}
 s - a scroll of magic mapping {unknown}
 t - 3 scrolls of enchant weapon {unknown}
 w - a scroll of identify {unknown}
Potions
 i - a potion of heal wounds {unknown}
 k - 2 potions of curing
 m - a potion of degeneration {unknown}
 o - a potion of flight {unknown}
 u - 2 potions of might {unknown}
 v - a potion of mutation {unknown}


   Skills:
 - Level 2.1 Fighting
 * Level 4.2 Polearms
 - Level 1.0 Throwing
 - Level 0.6 Armour
 - Level 2.6 Dodging
 + Level 3.0 Spellcasting
 + Level 3.2 Translocations


You had 2 spell levels left.
You knew the following spells:

 Your Spells              Type           Power      Damage    Failure   Level
a - Blink                 Tloc           22%        N/A       12%         2
b - Lesser Beckoning      Tloc           22%        N/A       12%         2
c - Teleport Other        Tloc           11%        N/A       22%         3

Your spell library contained the following spells:

 Spells                   Type           Power      Damage    Failure   Level
 Sting                    Tmut/Pois      8%         1d3       28%         1
 Poisonous Vapours        Pois/Air       4%         N/A       38%         2
 Vhi's Electric Charge    Tloc/Air       12%        N/A       41%         3
 Manifold Assault         Tloc           11%        N/A       58%         4
 Olgreb's Toxic Radiance  Pois           2%         N/A       95%         4


Dungeon Overview and Level Annotations

Branches:
Dungeon (4/15)
 Temple: D:4-7

Altars:
Ashenzari


Innate Abilities, Weirdness & Mutations

((You are very nimble when in or above water. (Stealth+, EV+, Speed+++)))
Your lower body shifts to a powerful aquatic tail in water.


Message History

Done exploring.
Done exploring.
There is a stone staircase leading down here.
You climb downwards.
Found a sedimented pink potion.
There is a stone staircase leading up here.
Found 2 poisoned darts and a golden potion.
The iguana hisses angrily.
The dart slug launches a dart at you. The slug dart misses you.
You hit the dart slug but do no damage. The dart slug launches a dart at you.
The slug dart hits you.
You puncture the dart slug! You burn the dart slug.
You kill the dart slug!
The iguana closely misses you.
You hit the iguana but do no damage.
The iguana hisses menacingly.
The iguana closely misses you.
You slash the iguana! You burn the iguana.
The iguana is heavily wounded.
You block the iguana's attack. The iguana bites you.
You hit the iguana. You burn the iguana.
The iguana is almost dead.
The iguana bites you.
You hit the iguana but do no damage.
The iguana is almost dead.
The iguana barely misses you.
You closely miss the iguana.
The iguana is almost dead.
The iguana bites you. x2
You closely miss the iguana.
The iguana is almost dead.
The iguana barely misses you.
You barely miss the iguana.
The iguana is almost dead.
The iguana bites you!
* * * LOW HITPOINT WARNING * * *
It was a potion of curing.
You feel better. The iguana bites you!
You die...

.. ..
#####! .
.... ..
#..# ...
#..# ....
#<.# .....
##.##.(.!..
#.@.......
##l.......
#........
#........
..#....#.
###......
......
......


You could see an iguana.

Vanquished Creatures
  3 adders
  An ufetubus (D:2)
  2 dart slugs
  An orc (D:3)
  6 endoplasms
  2 giant cockroaches (D:1)
  4 hobgoblins
  8 jackals (D:2)
  A quokka (D:2)
  5 ball pythons
  5 bats
  4 frilled lizards
  8 goblins
  5 kobolds
  8 rats
63 creatures vanquished.

Notes
Turn   | Place    | Note
-------+----------+-------------------------------------------
     0 | D:1      | cheesebisquit the Merfolk Warper began the quest for the
                  | Orb.
     0 | D:1      | Reached XP level 1. HP: 16/16 MP: 3/3
   181 | D:1      | Reached skill level 3 in Polearms
   242 | D:1      | Reached XP level 2. HP: 22/22 MP: 5/5
   832 | D:2      | Reached XP level 3. HP: 27/27 MP: 6/6
  1004 | D:2      | Learned a level 2 spell: Blink
  1007 | D:2      | Learned a level 2 spell: Lesser Beckoning
  1011 | D:2      | Learned a level 3 spell: Teleport Other
  1437 | D:2      | Reached XP level 4. HP: 33/33 MP: 8/8
  1565 | D:2      | Reached skill level 4 in Polearms
  2144 | D:3      | Found a broken altar of Ashenzari.
  2536 | D:4      | Slain by an iguana

Illustrated notes

Levels and vault maps discovered:
D:1:      moated_graveyard_arrival, layout_loops_ring
D:2:      layout_loops_corners, minmay_indecisive_spiral
D:3:      layout_basic, lemuel_coloured_pillars_altar
D:4:      layout_basic, lemuel_tele_altar, general_overflow_altar,
          corexii_item_surrounded_by_moat, minmay_fractal_squares_5,
          uniq_grinder

Skill      XL: |  1  2  3  4 |
---------------+-------------+-----
Polearms       | 3 4 |  4.2
Translocations | 3 |  3.2
Spellcasting   | 3 |  3.0
Fighting       | |  2.1
Throwing       | |  1.0
Armour         | |  0.6
Dodging        | |  2.6

Action                     |  1- 3 |  4- 6 || total
---------------------------+-------+-------++-------
  Melee: Spear             |   131 |       ||   131
         Halberd           |    20 |    52 ||    72
         Punch             |     1 |       ||     1
  Throw: Dart              |    29 |     4 ||    33
         Boomerang         |     2 |       ||     2
    Use: Potion            |       |     1 ||     1
 Armour: Leather armour    |    19 |    11 ||    30
  Dodge: Dodged            |    61 |    22 ||    83
  Block: Other             |    21 |     9 ||    30

Table legend: (Time is in decaauts)
 A = Elapsed time spent in this place.
 B = Non-inter-level travel time spent in this place.
 C = Inter-level travel time spent in this place.
 D = Time resting spent in this place.
 E = Time spent auto-exploring this place.
 F = Levels seen in this place.
 G = Mean time per level.
                   A        B        C        D        E       F      G
               +--------+--------+--------+--------+--------+-----+--------+
         Total |   2546 |   2465 |     81 |      0 |   2015 |   4 |  636.5 |
       Dungeon |   2546 |   2465 |     81 |      0 |   2015 |   4 |  636.5 |
               +--------+--------+--------+--------+--------+-----+--------+

Top non-repeatable levels by time:
     D:2: 886 daAuts
     D:3: 858 daAuts
     D:1: 786 daAuts
     D:4: 14 daAuts
